 Dungeon Crawl Stone Soup version 0.30-a0-782-ge64f9170bb (webtiles) character file.

Game seed: 14377340642365272081

236 Crownlay the Ruffian (level 5, -3/53 HPs)
             Began as a Troll Fighter on Mar 10, 2023.
             Slain by a gnoll
             ... wielding a +0 flail
              (12 damage)
             ... on level 4 of the Dungeon.
             The game lasted 00:03:18 (2038 turns).

Crownlay the Ruffian (Troll Fighter)                Turns: 2038, Time: 00:03:19

Health: -3/53      AC:  4    Str: 24    XL:     5   Next: 77%
Magic:  4/4        EV:  8    Int:  6    God:
Gold:   167        SH:  8    Dex:  9    Spells: 4/4 levels left

rFire   . . .      SeeInvis .      - Unarmed
rCold   . . .      Faith    .    b - +0 kite shield
rNeg    . . .      Spirit   .    a - +0 robe
rPois   .          Reflect  .    (helmet restricted)
rElec   .          Harm     .    (no cloak)
rCorr   .          Rampage  .    (gloves unavailable)
Will    .....                    (boots unavailable)
Stlth   +                        n - amulet of regeneration
HPRegen 1.88/turn                f - +4 ring of slaying
MPRegen 0.09/turn                (no ring)

@: no status effects
A: large, unfitting armour, claws 3, regeneration 1, shaggy fur 1, tough skin 1
a: no special abilities


You were on level 4 of the Dungeon.
You visited 1 branch of the dungeon, and saw 4 of its levels.

You collected 167 gold pieces.

Inventory:

Missiles
 g - 3 curare-tipped darts
 k - 2 boomerangs (quivered)
Armour
 a - a +0 robe (worn)
 b - a +0 kite shield (worn)
Jewellery
 f - a +4 ring of slaying (left claw)
 n - an amulet of regeneration (around neck)
Wands
 i - a wand of light (10)
 o - a wand of iceblast (12)
Scrolls
 e - 2 scrolls of teleportation
 h - 2 scrolls of identify
 l - 2 scrolls of amnesia
 p - a scroll of fear {unknown}
Potions
 c - a potion of might
 d - 2 potions of lignification
 j - 2 potions of curing
 m - a potion of magic


   Skills:
 + Level 3.4 Fighting
 - Level 2.4 Dodging
 + Level 3.7 Shields
 * Level 4.5 Unarmed Combat


You had 4 spell levels left.
You didn't know any spells.
Your spell library contained the following spells:

 Spells                   Type           Power      Damage    Failure   Level
 Lesser Beckoning         Tloc           0%         N/A       87%         2
 Gell's Gravitas          Tloc           0%         N/A       98%         3
 Teleport Other           Tloc           0%         N/A       98%         3


Dungeon Overview and Level Annotations

Branches:
Dungeon (4/15)
 Temple: D:4-7

Altars:
Cheibriados
The Shining One


Innate Abilities, Weirdness & Mutations

You are too large for most types of armour.
You have claws for hands.
Your natural rate of healing is unusually fast.
You are covered in fur. (AC +1)
You have tough skin. (AC +1)


Message History

The gnoll is moderately wounded.
The gnoll hits you with a +0 spear.
You barely miss the gnoll.
The gnoll is moderately wounded.
The gnoll hits you with a +0 spear.
You scratch the gnoll.
The gnoll is heavily wounded.
You block the gnoll's attack. x2
You claw the gnoll!
You kill the gnoll!
You block the gnoll's attack.
You claw the gnoll!
The gnoll is almost dead.
The gnoll hits you with a +0 whip.
You mangle the gnoll!!
You kill the gnoll!
You block the gnoll's attack.
You closely miss the gnoll.
The gnoll hits you from afar with a +0 halberd!
The gnoll hits you but does no damage.
You closely miss the gnoll.
The gnoll hits you from afar with a +0 halberd!
You closely miss the gnoll.
The gnoll hits you but does no damage. x2
You completely miss the gnoll. The gnoll barely misses you.
The gnoll completely misses you.
You barely miss the gnoll. The gnoll hits you with a +0 flail!
The gnoll hits you from afar with a +0 halberd!
You scratch the gnoll.
The gnoll is moderately wounded.
The gnoll hits you from afar with a +0 halberd!
* * * LOW HITPOINT WARNING * * *
You block the gnoll's attack.
You are too injured to fight recklessly!
The gnoll hits you with a +0 halberd!
* * * LOW HITPOINT WARNING * * *
You block the gnoll's attack.
You claw the gnoll!
The gnoll is heavily wounded.
The gnoll hits you with a +0 flail!
You die...

#........>... ..
#............... .
#$..$..$...##...#
..##.<........#....
...............#.###
#..........###...#.
..##.!..g.............
#.....g@......<.......
........).............
......................
......................
......................
...######.............
... .......[....... ..
.###...........
###.#####...


You could see 2 gnolls.

Vanquished Creatures
  Terence (D:2)
  Natasha (thrice) (D:2)
  3 gnolls
  5 adders
  A worm (D:3)
  2 dart slugs
  2 ball pythons (D:2)
  4 bats
  2 endoplasms (D:1)
  4 giant cockroaches
  6 goblins
  5 hobgoblins
  6 jackals
  2 quokkas
  2 frilled lizards (D:2)
  4 kobolds
  3 rats
55 creatures vanquished.

Notes
Turn   | Place    | Note
-------+----------+-------------------------------------------
     0 | D:1      | Crownlay the Troll Fighter began the quest for the Orb.
     0 | D:1      | Reached XP level 1. HP: 22/22 MP: 0/0
    82 | D:1      | Reached XP level 2. HP: 20/29 MP: 1/1
   526 | D:2      | Noticed Natasha
   528 | D:2      | Killed Natasha
   529 | D:2      | Reached skill level 3 in Unarmed Combat
   529 | D:2      | Reached XP level 3. HP: 32/36 MP: 2/2
   646 | D:2      | Noticed Natasha
   653 | D:2      | Killed Natasha
   654 | D:2      | Reached XP level 4. HP: 38/44 MP: 3/3
   722 | D:2      | Noticed Terence
   730 | D:2      | Killed Terence
   879 | D:2      | Noticed Natasha
   887 | D:2      | Killed Natasha
   986 | D:2      | Reached skill level 4 in Unarmed Combat
   986 | D:2      | Reached XP level 5. HP: 51/53 MP: 4/4
  1358 | D:3      | Found a faded altar of an unknown god.
  1701 | D:3      | Found a snail-covered altar of Cheibriados.
  1745 | D:3      | Found a glowing golden altar of the Shining One.
  2038 | D:4      | Slain by a gnoll

Illustrated notes

Levels and vault maps discovered:
D:1:      dpeg_arrival_concentric_ovals, layout_basic, skrybe_limestone_x
D:2:      layout_loops_corners, uniq_natasha, uniq_terence
D:3:      layout_basic, chei_slow_surprise, nicolae_tso_swordbearing_angel,
          nicolae_ecumenical_pavilion
D:4:      layout_rooms, minmay_temple_entry_steel_oval,
          hellmonk_ghost_happy_afterlife, st_stairs_12

Skill      XL: |  1  2  3  4 |
---------------+-------------+-----
Shields        | 3 |  3.7
Unarmed Combat | 3 4 |  4.5
Fighting       | 3 |  3.4
Dodging        | |  2.4

Action                     |  1- 3 |  4- 6 || total
---------------------------+-------+-------++-------
  Melee: Unarmed           |    34 |   107 ||   141
  Throw: Dart              |       |     1 ||     1
    Use: Scroll            |       |     5 ||     5
   Stab: Sleeping          |     1 |       ||     1
 Armour: Robe              |    11 |    28 ||    39
  Dodge: Dodged            |     5 |    23 ||    28
  Block: Kite shield       |     3 |    39 ||    42

Table legend: (Time is in decaauts)
 A = Elapsed time spent in this place.
 B = Non-inter-level travel time spent in this place.
 C = Inter-level travel time spent in this place.
 D = Time resting spent in this place.
 E = Time spent auto-exploring this place.
 F = Levels seen in this place.
 G = Mean time per level.
                   A        B        C        D        E       F      G
               +--------+--------+--------+--------+--------+-----+--------+
         Total |   2058 |   1957 |    101 |      0 |   1588 |   4 |  514.5 |
       Dungeon |   2058 |   1957 |    101 |      0 |   1588 |   4 |  514.5 |
               +--------+--------+--------+--------+--------+-----+--------+

Top non-repeatable levels by time:
     D:2: 853 daAuts
     D:3: 657 daAuts
     D:1: 523 daAuts
     D:4: 24 daAuts
